 Dungeon Crawl Stone Soup version 0.26-a0-835-g8259106e14 (webtiles) character file.

Game seed: 8113408257976131060

65 snetch the Magician (level 4, -5/32 HPs)
             Began as a Gnoll Hedge Wizard on Nov 17, 2020.
             Killed from afar by Natasha (9 damage)
             ... with a magic dart
             ... on level 3 of the Dungeon.
             The game lasted 00:06:10 (1228 turns).

snetch the Magician (Gnoll Hedge Wizard)            Turns: 1228, Time: 00:06:11

Health: -5/32      AC:  2    Str: 12    XL:     4   Next: 14%
Magic:  8/13       EV: 15    Int: 17    God:
Gold:   198        SH:  0    Dex: 15    Spells: 12/17 levels left

rFire    . . .     SeeInvis .   a - +0 dagger
rCold    . . .     Faith    .   (no shield)
rNeg     . . .     Spirit   .   b - +0 robe
rPois    .         Reflect  .   c - +0 hat
rElec    .         Harm     .   (no cloak)
rCorr    .         Rampage  .   (no gloves)
MR       .....                  (no boots)
Stlth    +++.......             e - amulet of the acrobat
HPRegen  0.10/turn              (no ring)
MPRegen  0.13/turn              (no ring)

@: no status effects
A: distributed training, fangs 1, strong nose
a: no special abilities


You were on level 3 of the Dungeon.
You visited 1 branch of the dungeon, and saw 3 of its levels.

You collected 198 gold pieces.

Inventory:

Hand Weapons
 a - a +0 dagger (weapon)
Missiles
 d - 29 poisoned darts (quivered)
 g - 19 arrows
 p - 2 datura-tipped darts
 t - 41 stones
Armour
 b - a +0 robe (worn)
 c - a +0 hat (worn)
 i - a +0 chain mail
 m - a +0 ring mail
 s - a +0 scale mail
 v - a +0 leather armour
Jewellery
 e - an amulet of the acrobat (around neck)
Scrolls
 f - 4 scrolls of identify {unknown}
 j - a scroll of blinking {unknown}
 k - a scroll of enchant weapon {unknown}
 l - 2 scrolls of teleportation {unknown}
 n - 3 scrolls of remove curse {unknown}
 o - a scroll of magic mapping {unknown}
 q - a scroll of fog {unknown}
 r - a scroll of immolation {unknown}
Potions
 h - a potion of magic {unknown}
 u - a potion of curing {unknown}


   Skills:
 + Level 1.0 Fighting
 + Level 1.0 Short Blades
 + Level 1.0 Long Blades
 + Level 1.0 Axes
 + Level 1.0 Maces & Flails
 + Level 1.0 Polearms
 + Level 1.0 Staves
 + Level 1.0 Slings
 + Level 1.0 Bows
 + Level 1.0 Crossbows
 + Level 1.0 Throwing
 + Level 1.0 Armour
 + Level 4.6 Dodging
 + Level 4.2 Stealth
 + Level 1.0 Shields
 + Level 1.0 Unarmed Combat
 + Level 7.2 Spellcasting
 + Level 2.2 Conjurations
 + Level 0.8 Hexes
 + Level 2.2 Summonings
 + Level 0.8 Necromancy
 + Level 2.2 Translocations
 + Level 0.8 Transmutations
 + Level 0.8 Fire Magic
 + Level 0.8 Ice Magic
 + Level 0.8 Air Magic
 + Level 0.8 Earth Magic
 + Level 0.8 Poison Magic
 + Level 1.1 Invocations
 + Level 1.0 Evocations


You had 12 spell levels left.
You knew the following spells:

 Your Spells              Type           Power        Failure   Level
a - Magic Dart            Conj           ##..         4%          1
b - Blink                 Tloc           N/A          7%          2
c - Call Imp              Summ           ##......     7%          2

Your spell library contained the following spells:

 Spells                   Type           Power        Failure   Level
 Slow                     Hex            #.......     12%         2
 Conjure Flame            Conj/Fire      ##......     19%         3
 Mephitic Cloud           Conj/Pois/Air  ##......     21%         3


Dungeon Overview and Level Annotations

Branches:
Dungeon (3/15)

Altars:
Nemelex Xobeh

Annotations:
D:3 Natasha


Innate Abilities, Weirdness & Mutations

Your experience applies equally to all skills.
You have very sharp teeth.
Your uncanny sense of smell can sniff out nearby items.


Message History

The river rat barely misses you. Natasha casts a spell at you.
The magic dart hits you!
* * * LOW HITPOINT WARNING * * *
The shadow imp hits you.
* * * LOW HITPOINT WARNING * * *
The giant cockroach bites you but does no damage.
Your crimson imp hits the river rat.
The river rat dies!
The shadow imp completely misses you.
Your crimson imp barely misses the shadow imp.
The shadow imp hits your crimson imp. Natasha completely misses you.
You hit Natasha.
Natasha is almost dead.
Your crimson imp disappears in a puff of smoke!
Natasha wildly gestures.
You feel disoriented. Natasha casts a spell at you. The magic dart hits you!
You die...

##........### #.######.###
#######.# #..... #.......# #..#..
## #.####### #..#.# #.. #.#...#
#....# #.# #.#.#.#######.#### #.#
#.#........†....# #.#
#@###.........#.# #.#
###########h#############.#
#.####...).....B5..............##
................5...............>
#.##†###.####....###############)
.....# ### ##'..'..........####.
#.##.# ≈≈≈≈≈≈#..####.........##.
#....# ≈≈≈≈≈≈#..# #.........##.
#....# ##≈≈##+..# #.........##.


You could see Natasha, 2 shadow imps and a giant cockroach.

Vanquished Creatures
  An adder (D:3)
  An ooze (D:2)
  4 bats
  A giant cockroach (D:3)
  2 hobgoblins
  2 jackals (D:3)
  4 frilled lizards
  3 goblins
  2 kobolds (D:3)
  3 rats
23 creatures vanquished.

Vanquished Creatures (collateral kills)
  Natasha (D:3)
  2 adders (D:3)
  A river rat (D:3)
  An ooze (D:3)
  A leopard gecko (D:3)
  A jackal (D:3)
  A frilled lizard (D:3)
8 creatures vanquished.

Grand Total: 31 creatures vanquished

Notes
Turn   | Place    | Note
-------+----------+-------------------------------------------
     0 | D:1      | snetch the Gnoll Hedge Wizard began the quest for the Orb.
     0 | D:1      | Reached XP level 1. HP: 13/13 MP: 8/8
   310 | D:1      | Reached XP level 2. HP: 19/19 MP: 7/10
   632 | D:1      | Found a sparkling altar of Nemelex Xobeh.
   734 | D:2      | Learned a level 2 spell: Blink
   737 | D:2      | Learned a level 2 spell: Call Imp
   820 | D:3      | Reached XP level 3. HP: 25/25 MP: 9/11
  1099 | D:3      | Reached skill level 1 in Invocations
  1132 | D:3      | Noticed Natasha
  1140 | D:3      | Killed Natasha
  1141 | D:3      | Reached skill level 1 in Fighting
  1141 | D:3      | Reached skill level 1 in Short Blades
  1141 | D:3      | Reached skill level 1 in Long Blades
  1141 | D:3      | Reached skill level 1 in Axes
  1141 | D:3      | Reached skill level 1 in Maces & Flails
  1141 | D:3      | Reached skill level 1 in Polearms
  1141 | D:3      | Reached skill level 1 in Staves
  1141 | D:3      | Reached skill level 1 in Slings
  1141 | D:3      | Reached skill level 1 in Bows
  1141 | D:3      | Reached skill level 1 in Crossbows
  1141 | D:3      | Reached skill level 1 in Throwing
  1141 | D:3      | Reached skill level 1 in Armour
  1141 | D:3      | Reached skill level 1 in Shields
  1141 | D:3      | Reached skill level 1 in Unarmed Combat
  1141 | D:3      | Reached skill level 1 in Evocations
  1141 | D:3      | Reached XP level 4. HP: 7/32 MP: 4/13
  1201 | D:3      | Noticed Natasha
  1228 | D:3      | Killed from afar by Natasha

Illustrated notes

Levels and vault maps discovered:
D:1:      scummos_arrival_gate, layout_basic, grunt_decor_one_mirror,
          nemelex_xobeh_ov_fountains_minmay
D:2:      layout_basic, okawaru_gym_becter
D:3:      layout_basic, nicolae_overflow_hidden_temple, gup_sewer_entry_bowl,
          uniq_robin, uniq_natasha, uniq_ijyb

Skill      XL: |  1  2  3 |
---------------+----------+-----
Conjurations   | 2 |  2.2
Summonings     | 2 |  2.2
Translocations | 2 |  2.2
Invocations    | 1 |  1.1
Fighting       | 1 |  1.0
Short Blades   | 1 |  1.0
Long Blades    | 1 |  1.0
Axes           | 1 |  1.0
Maces & Flails | 1 |  1.0
Polearms       | 1 |  1.0
Staves         | 1 |  1.0
Slings         | 1 |  1.0
Bows           | 1 |  1.0
Crossbows      | 1 |  1.0
Throwing       | 1 |  1.0
Armour         | 1 |  1.0
Shields        | 1 |  1.0
Unarmed Combat | 1 |  1.0
Evocations     | 1 |  1.0
Dodging        | |  4.6
Stealth        | |  4.2
Spellcasting   | |  7.2
Hexes          | |  0.8
Necromancy     | |  0.8
Transmutations | |  0.8
Fire Magic     | |  0.8
Ice Magic      | |  0.8
Air Magic      | |  0.8
Earth Magic    | |  0.8
Poison Magic   | |  0.8

Action                   |  1- 3 |  4- 6 || total
-------------------------+-------+-------++-------
Melee: Dagger            |    19 |     6 ||    25
       Bite              |     1 |       ||     1
 Cast: Magic Dart        |    29 |       ||    29
       Call Imp          |    10 |     3 ||    13
 Stab: Sleeping          |     3 |       ||     3
Armor: Robe              |     3 |     4 ||     7
Dodge: Dodged            |    16 |    14 ||    30

Table legend: (Time is in decaauts)
 A = Elapsed time spent in this place.
 B = Non-inter-level travel time spent in this place.
 C = Inter-level travel time spent in this place.
 D = Time resting spent in this place.
 E = Time spent auto-exploring this place.
 F = Levels seen in this place.
 G = Mean time per level.
                   A        B        C        D        E       F      G
               +--------+--------+--------+--------+--------+-----+--------+
         Total |   1242 |   1134 |    108 |      0 |    426 |   3 |  414.0 |
       Dungeon |   1242 |   1134 |    108 |      0 |    426 |   3 |  414.0 |
               +--------+--------+--------+--------+--------+-----+--------+

Top non-repeatable levels by time:
     D:1: 636 daAuts
     D:3: 478 daAuts
     D:2: 127 daAuts
